 Dungeon Crawl Stone Soup version 0.27-a0-1071-ga85bd9520d (webtiles) character file.

Game seed: 6515566385714538895

100 pokeman the Magician (level 4, -2/25 HPs)
             Began as a Deep Elf Hedge Wizard on Apr 24, 2021.
             Succumbed to a goblin's poison
             ... on level 3 of the Dungeon.
             The game lasted 00:04:24 (3365 turns).

pokeman the Magician (Deep Elf Hedge Wizard)        Turns: 3365, Time: 00:04:25

Health: -2/25      AC:  7    Str:  7    XL:     4   Next: 46%
Magic:  11/13      EV: 12    Int: 20    God:
Gold:   164        SH:  0    Dex: 14    Spells: 2/14 levels left

rFire    . . .     SeeInvis .   l - +2 dagger (venom)
rCold    . . .     Faith    .   (no shield)
rNeg     . . .     Spirit   .   f - +0 leather armour
rPois    .         Reflect  .   c - +0 hat
rElec    .         Harm     .   (no cloak)
rCorr    .         Rampage  .   (no gloves)
Will     .....                  (no boots)
Stlth    ++........             (no amulet)
HPRegen  0.08/turn              e - +4 ring of protection
MPRegen  0.13/turn              (no ring)

@: lethally poisoned (-2 -> -24), very slightly contaminated
A: no striking features
a: no special abilities


You were on level 3 of the Dungeon.
You visited 1 branch of the dungeon, and saw 3 of its levels.

You collected 164 gold pieces.

Inventory:

Hand Weapons
 l - a +2 dagger of venom (weapon)
Missiles
 i - 30 arrows
Armour
 c - a +0 hat (worn)
 d - a +0 kite shield
 f - a +0 leather armour (worn)
Jewellery
 e - a +4 ring of protection (left hand)
 k - an amulet of faith
Scrolls
 a - 3 scrolls of noise {unknown}
 g - a scroll of identify {unknown}
 j - a scroll of amnesia {unknown}
Potions
 b - a potion of curing {unknown}
 h - a potion of cancellation {unknown}


   Skills:
 - Level 1.0 Fighting
 - Level 1.0 Armour
 + Level 2.8 Dodging
 - Level 2.4 Stealth
 + Level 0.4 Shields
 * Level 5.7 Spellcasting
 + Level 2.2 Conjurations
 - Level 1.1 Summonings
 - Level 1.1 Translocations


You had 2 spell levels left.
You knew the following spells:

 Your Spells              Type           Power      Damage    Failure   Level
a - Magic Dart            Conj           56%        1d5       6%          1
b - Mephitic Cloud        Conj/Pois/Air  8%         N/A       34%         3
c - Call Imp              Summ           10%        N/A       16%         2
d - Blink                 Tloc           N/A        N/A       16%         2
e - Conjure Flame         Conj/Fire      10%        6-21      30%         3
f - Apportation           Tloc           20%        N/A       10%         1

Your spell library contained the following spells:

 Spells                   Type           Power      Damage    Failure   Level
 Summon Small Mammal      Summ           40%        N/A       10%         1
 Animate Skeleton         Necr           10%        N/A       16%         1
 Corona                   Hex            5%         N/A       16%         1
 Slow                     Hex            5%         N/A       24%         2


Dungeon Overview and Level Annotations

Branches:
Dungeon (3/15)

Altars:
Zin

Annotations:
D:3 Robin


Message History

You hit the hobgoblin.
The hobgoblin is poisoned.
The hobgoblin is almost dead.
You kill the hobgoblin!
The hobgoblin barely misses you.
The hobgoblin no longer looks unusually strong.
The hobgoblin closely misses you.
There is an open door here.
You hit the hobgoblin.
The hobgoblin is poisoned.
The hobgoblin is moderately wounded.
You kill the hobgoblin!
The hobgoblin misses you.
Unknown command.
You closely miss the goblin.
The hobgoblin hits you but does no damage.
The goblin unwields a +0 hunting sling.
The goblin wields a +3 dagger of venom.
It begins to drip with poison!
The goblin hits you with a +3 dagger of venom.
You are poisoned.
Unknown command.
You feel very sick.
You kill the hobgoblin!
Things that are here:
a +0 hunting sling; 22 stones You barely miss the goblin.
You feel very sick.
The goblin hits you with a +3 dagger of venom.
You are lethally poisoned!
You hit the goblin but do no damage.
The goblin is poisoned.
* * * LOW HITPOINT WARNING * * *
You feel very sick. Robin throws the goblin at you!
The goblin hits you with a +3 dagger of venom.
* * * LOW HITPOINT WARNING * * *
You are more poisoned.
Casting: Magic Dart (safe; 6% risk of failure)
Confirm with . or Enter, or press ? or * to list all spells.
You miscast Blink.
You are very lightly contaminated with residual magic.
Nothing appears to happen.
You die...

#.))##########...≈≈
#............#...≈≈
#............#.).≈≈
##)##.....##+##..≈≈
#..)#.....# #..≈≈
#...#.....# #..≈≈
#.g.#.....# #..≈≈
##'##.....##+##..≈≈
#.@.#.....#......≈≈
#..g#.))..#.)...≈≈≈
#≈≈≈#.....#≈≈≈≈≈
#≈≈≈##'''##≈≈≈≈≈
##≈≈≈≈...≈≈≈≈.## #
###≈≈...≈≈....####
###....#.......'
#....##...####
####.##...# #


You could see Robin and a goblin (strong, very poisoned).

Vanquished Creatures
  An adder (D:2)
  A worm (D:2)
  5 bats
  9 endoplasms
  3 giant cockroaches
  9 hobgoblins
  10 jackals
  9 kobolds
  2 quokkas
  A ball python (D:1)
  3 frilled lizards
  16 goblins
  6 rats
75 creatures vanquished.

Vanquished Creatures (others)
  A plant (D:1)
  2 withered plants (D:1)
3 creatures vanquished.

Grand Total: 78 creatures vanquished

Notes
Turn   | Place    | Note
-------+----------+-------------------------------------------
     0 | D:1      | pokeman the Deep Elf Hedge Wizard began the quest for the
                  | Orb.
     0 | D:1      | Reached XP level 1. HP: 10/10 MP: 7/7
   195 | D:1      | Reached XP level 2. HP: 16/16 MP: 5/9
   903 | D:1      | Reached skill level 5 in Spellcasting
   960 | D:1      | Found a faded altar of an unknown god.
  1389 | D:2      | Reached XP level 3. HP: 20/20 MP: 9/11
  1393 | D:2      | Learned a level 3 spell: Mephitic Cloud
  1396 | D:2      | Learned a level 2 spell: Call Imp
  1399 | D:2      | Learned a level 2 spell: Blink
  1403 | D:2      | Learned a level 3 spell: Conjure Flame
  1652 | D:2      | Reached skill level 1 in Fighting
  1781 | D:2      | Learned a level 1 spell: Apportation
  1842 | D:2      | Reached skill level 1 in Armour
  2561 | D:3      | Reached XP level 4. HP: 25/25 MP: 7/13
  2717 | D:3      | Found a glowing silver altar of Zin.
  3337 | D:3      | Noticed Robin
  3365 | D:3      | Succumbed to a goblin's poison

Illustrated notes

Levels and vault maps discovered:
D:1:      erik_arrival_orb_chamber, layout_loops_ring,
          shapermc_ecumenical_altar_flowoftime
D:2:      layout_basic, minmay_unequal
D:3:      kennysheep_goblin_castle, layout_loops_corners, amcnicky_altar_gilded,
          kennysheep_nondescript, minmay_quantized

Skill      XL: |  1  2  3 |
---------------+----------+-----
Spellcasting   | 5 |  5.7
Fighting       | 1 |  1.0
Conjurations   | 2 |  2.2
Armour         | 1 |  1.0
Dodging        | |  2.8
Stealth        | |  2.4
Shields        | |  0.4
Summonings     | |  1.1
Translocations | |  1.1

Action                   |  1- 3 |  4- 6 || total
-------------------------+-------+-------++-------
Melee: Dagger            |    21 |    15 ||    36
       Short sword       |    20 |       ||    20
 Cast: Magic Dart        |   101 |    30 ||   131
       Mephitic Cloud    |     1 |       ||     1
 Stab: Distracted        |     1 |       ||     1
       Sleeping          |     1 |     1 ||     2
       Confused          |     1 |       ||     1
Armor: Robe              |     5 |       ||     5
       Leather armour    |       |     6 ||     6
Dodge: Dodged            |    27 |     9 ||    36

Table legend: (Time is in decaauts)
 A = Elapsed time spent in this place.
 B = Non-inter-level travel time spent in this place.
 C = Inter-level travel time spent in this place.
 D = Time resting spent in this place.
 E = Time spent auto-exploring this place.
 F = Levels seen in this place.
 G = Mean time per level.
                   A        B        C        D        E       F      G
               +--------+--------+--------+--------+--------+-----+--------+
         Total |   3365 |   3297 |     68 |      0 |   2947 |   3 | 1121.7 |
       Dungeon |   3365 |   3297 |     68 |      0 |   2947 |   3 | 1121.7 |
               +--------+--------+--------+--------+--------+-----+--------+

Top non-repeatable levels by time:
     D:1: 1373 daAuts
     D:2: 1179 daAuts
     D:3: 812 daAuts
